 Dungeon Crawl Stone Soup version 0.31-a0-844-gdc52ec4e09 (webtiles) character file.

Game seed: 7819902802059266976

6437 Kurtz the Cleaver (level 10, -10/69 HPs)
             Began as an Octopode Fighter on Sept 30, 2023.
             Was a Priest of Okawaru.
             Mangled by a death yak (27 damage)
             ... on level 9 of the Dungeon.
             The game lasted 00:11:04 (10071 turns).

Kurtz the Cleaver (Octopode Fighter)               Turns: 10071, Time: 00:11:05

Health: -10/69     AC:  1    Str: 18    XL:     10   Next: 99%
Magic:  10/10      EV: 15    Int: 11    God:    Okawaru [***...]
Gold:   553        SH:  5    Dex: 13    Spells: 9/9 levels left

rFire   + . .        A - +2 war axe (flame)
rCold   . . .        b - +0 buckler
rNeg    . . .        (helmet restricted)
rPois   .            p - amulet of the acrobat
rElec   .            t - ring of protection from fire
rCorr   .            C - ring of willpower
SInv    .            (no ring)
Will    +....        (no ring)
Stlth   ++           (no ring)
HPRegen 0.31/turn    (no ring)
MPRegen 0.12/turn    (no ring)
                     (no ring)

%: acrobat
@: no status effects
A: almost no armour, amphibious, 8 rings, camouflage 1, gelatinous body 1,
(nimble swimmer 1), tentacles
a: Renounce Religion, Heroism


You were on level 9 of the Dungeon.
You worshipped Okawaru.
Okawaru was most pleased with you.
You visited 2 branches of the dungeon, and saw 10 of its levels.

You collected 553 gold pieces.

Inventory:

Hand Weapons
 c - a +0 whip of flaming
 i - a +1 hand axe of flaming
 A - a +2 war axe of flaming (weapon)
Missiles
 r - a poisoned dart (quivered)
Armour
 b - a +0 buckler (worn)
Jewellery
 e - a ring of positive energy
 p - an amulet of the acrobat (around mantle)
 t - a ring of protection from fire (left tentacle)
 C - a ring of willpower (right tentacle)
 H - a ring of ice
Wands
 E - a wand of paralysis (9)
Scrolls
 d - 5 scrolls of teleportation
 g - a scroll of fog
 h - 2 scrolls of enchant weapon
 l - 2 scrolls of immolation {unknown}
 m - 4 scrolls of fear {unknown}
 o - a scroll of vulnerability {unknown}
 q - a scroll of noise {unknown}
 s - a scroll of revelation {unknown}
 u - a scroll of butterflies {unknown}
 x - a scroll of enchant armour {unknown}
 y - a scroll of brand weapon {unknown}
 D - a scroll of amnesia {unknown}
 F - a scroll of blinking {unknown}
 G - a scroll of torment {unknown}
Potions
 f - 2 potions of lignification
 j - 5 potions of curing
 k - a potion of invisibility
 n - 2 potions of mutation
 w - 2 potions of brilliance
 z - 3 potions of haste
 B - 2 potions of might
 I - a potion of resistance


   Skills:
 - Level 6.8 Fighting
 - Level 13.0 Axes
 * Level 6.1 Dodging
 * Level 6.1 Shields
 - Level 1.1 Invocations


You had 9 spell levels left.
You didn't know any spells.
Your spell library contained the following spells:

 Spells                   Type           Power      Damage    Failure   Level
 Apportation              Tloc           0%         N/A       41%         1
 Necrotise                Necr           0%         1d4       41%         1
 Ensorcelled Hibernation  Hex/Ice        0%         N/A       54%         2
 Passwall                 Tmut/Erth      0%         N/A       54%         2
 Frozen Ramparts          Ice            0%         1d1       78%         3
 Ignite Poison            Fire/Tmut/Pois 0%         N/A       78%         3
 Swiftness                Air            0%         N/A       78%         3
 Petrify                  Tmut/Erth      0%         N/A       99%         4
 Sticky Flame             Conj/Fire      0%         2d3       99%         4
 Metabolic Englaciation   Hex/Ice        0%         N/A       100%        5
 Ignition                 Fire           0%         3d3       100%        8
 Summon Small Mammal      Summ           Unusable   N/A       N/A         1

Dungeon Overview and Level Annotations

Branches:
Dungeon (9/15)             Temple (1/1) D:6
   Lair: D:8-11         Orc: D:9-12

Altars:
Ashenzari
Cheibriados
Elyvilon
Fedhas
Gozag
Hepliaklqana
Kikubaaqudgha
Makhleb
Nemelex Xobeh
Okawaru
Qazlal
Ru
Sif Muna
Uskayaw
Vehumet
Wu Jian
Xom
Yredelemnul
Zin
The Shining One


Innate Abilities, Weirdness & Mutations

You cannot wear most types of armour.
You are amphibious.
You can wear up to eight rings at the same time.
Your skin changes colour to match your surroundings (Stealth+).
Your rubbery body absorbs attacks. (AC +1, EV +1)
((You are camouflaged when in or above water. (Stealth+)))
You have tentacles for arms and can constrict up to eight enemies at once.


Message History

Unknown command.
Throw: 3 darts (poison)
Press: ? - help, Q - select action, (/) - cycle Shift-Dir - straight line, f/p - death yak
Aim: a death yak (heavily wounded, very poisoned, slow, 77% to hit)
You throw a poisoned dart. The poisoned dart hits the death yak.
The death yak looks as sick as possible!
The death yak is heavily wounded.
Throw: 2 darts (poison)
Press: ? - help, Q - select action, (/) - cycle Shift-Dir - straight line, f/p - death yak
Aim: a death yak (heavily wounded, extremely poisoned, slow, 77% to hit)
You throw a poisoned dart. The poisoned dart hits the death yak.
The death yak looks as sick as possible!
The death yak is heavily wounded.
Throw: dart (poison)
Press: ? - help, Q - select action, (/) - cycle Shift-Dir - straight line, f/p - death yak
Aim: a death yak (heavily wounded, extremely poisoned, slow, 77% to hit)
You throw a poisoned dart.
The poisoned dart barely misses the death yak.
The death yak is no longer moving slowly.
You see here a poisoned dart.
You see here a poisoned dart.
r - a poisoned dart You see here 2 poisoned darts.
You barely miss the death yak. Your squeeze misses the death yak.
The death yak is severely wounded.
The death yak barely misses you.
You hit the death yak. You burn the death yak.
The death yak is severely wounded.
You block the death yak's attack.
You hit the death yak. You burn the death yak.
The death yak is almost dead.
You hit the death yak. You burn the death yak. You squeeze the death yak.
The death yak is almost dead.
The death yak gores you!
* * * LOW HITPOINT WARNING * * *
Unknown command.
You barely miss the death yak.
The death yak is almost dead.
The death yak gores you!!
You die...

.......##.....## o###..........##
......o..o....
##+####+########....
#..............#....
#..............#.###
#..............#.# #
##'########.....#.### ########
#...@Y....#.....#....
.......######.####(...#.....#....
.>.((.((.<.(...(Y.....#.....#....
..###....###..........#.....'....
..# #....# #..........#.....#...(
..# #....#
#..รท.......#.....#....
.........# #..........#.....#....
#####+#...............#######....
#...............# #.....


You could see a death yak (very poisoned).

Vanquished Creatures
  2 death yaks (D:9)
  Pikel (D:6)
  Sigmund (D:2)
  A yak (D:8)
  A wyvern (D:9)
  2 steam dragons
  7 orc warriors
  3 sky beasts
  2 ice beasts
  An ogre (D:7)
  8 centaurs
  A phantom (D:5)
  A lemure (D:6)
  Blork the orc (D:6)
  A kobold brigand (D:3)
  A bullfrog (D:6)
  4 scorpions
  4 wights (D:8)
  3 killer bees
  4 crimson imps (D:3)
  6 orc priests
  4 hounds
  Crazy Yiuf (D:2)
  2 gnoll boudas
  2 jellies
  Terence (D:3)
  A sleepcap (D:5)
  Jessica (D:2)
  2 iguanas (D:6)
  Natasha (thrice) (D:3)
  12 orc wizards
  10 gnolls
  5 adders
  2 white imps
  An ufetubus (D:5)
  3 worms
  65 orcs
  5 endoplasms
  4 giant cockroaches
  8 goblins
  6 hobgoblins
  6 jackals
  10 kobolds
  4 quokkas
  7 ball pythons
  A bat (D:3)
  4 frilled lizards
  3 rats
228 creatures vanquished.

Notes
Turn   | Place    | Note
-------+----------+-------------------------------------------
     0 | D:1      | Kurtz the Octopode Fighter began the quest for the Orb.
     0 | D:1      | Reached XP level 1. HP: 16/16 MP: 1/1
   119 | D:1      | Reached XP level 2. HP: 19/21 MP: 2/2
   522 | D:1      | Reached skill level 3 in Axes
   678 | D:2      | Reached XP level 3. HP: 26/26 MP: 3/3
   864 | D:2      | Noticed Sigmund
   874 | D:2      | Killed Sigmund
   875 | D:2      | Reached skill level 4 in Axes
   875 | D:2      | Reached XP level 4. HP: 19/32 MP: 4/4
   875 | D:2      | Reached XP level 5. HP: 21/36 MP: 5/5
  1122 | D:2      | Found a sparkling altar of Nemelex Xobeh.
  1190 | D:2      | Noticed Jessica
  1193 | D:2      | Killed Jessica
  1194 | D:2      | Reached XP level 6. HP: 43/43 MP: 6/6
  1259 | D:2      | Found a runed translucent door.
  1260 | D:2      | Noticed Crazy Yiuf
  1535 | D:3      | Noticed Natasha
  1541 | D:3      | Reached skill level 5 in Axes
  1555 | D:3      | Killed Natasha
  1861 | D:3      | Noticed Natasha
  1865 | D:3      | Killed Natasha
  1944 | D:3      | Reached skill level 6 in Axes
  1944 | D:3      | Reached XP level 7. HP: 38/47 MP: 7/7
  2031 | D:3      | Noticed Terence
  2040 | D:3      | Killed Terence
  2214 | D:3      | Found a faded altar of an unknown god.
  2256 | D:3      | Found a shimmering altar of Xom.
  2345 | D:3      | Reached skill level 7 in Axes
  2350 | D:3      | Noticed Natasha
  2353 | D:3      | Killed Natasha
  2908 | D:4      | Reached skill level 8 in Axes
  2908 | D:4      | Reached XP level 8. HP: 16/54 MP: 8/8
  3095 | D:4      | Found a broken altar of Ashenzari.
  3421 | D:5      | Entered Level 5 of the Dungeon
  3659 | D:5      | Reached skill level 9 in Axes
  4016 | D:5      | HP: 1/54 [gnoll bouda/+0 whip (10)]
  4301 | D:5      | Reached skill level 10 in Axes
  4676 | D:6      | Noticed Pikel
  4684 | D:6      | Reached XP level 9. HP: 49/58 MP: 9/9
  4695 | D:6      | Killed Pikel
  4696 | D:6      | Reached skill level 11 in Axes
  5014 | D:6      | Noticed Blork the orc
  5020 | D:6      | Killed Blork the orc
  5258 | D:6      | Reached skill level 12 in Axes
  5389 | D:6      | Found a staircase to the Ecumenical Temple.
  5480 | Temple   | Entered the Ecumenical Temple
  5489 | Temple   | Became a worshipper of Warmaster Okawaru
  6208 | D:2      | Killed Crazy Yiuf
  6415 | D:7      | Reached skill level 1 in Invocations
  6641 | D:7      | HP: 2/59 [orc warrior/+0 battleaxe (14)]
  6863 | D:7      | Reached skill level 5 in Fighting
  6863 | D:7      | Reached XP level 10. HP: 51/66 MP: 10/10
  7510 | D:7      | Reached * piety under Okawaru
  8700 | D:8      | Reached skill level 13 in Axes
  9846 | D:9      | Reached skill level 5 in Dodging
  9994 | D:9      | Noticed a death yak
  9995 | D:9      | Noticed a death yak
 10013 | D:9      | Noticed a death yak
 10020 | D:9      | Killed a death yak
 10020 | D:9      | Reached ** piety under Okawaru
 10021 | D:9      | Reached skill level 5 in Shields
 10036 | D:9      | Killed a death yak
 10036 | D:9      | Reached *** piety under Okawaru
 10071 | D:9      | Mangled by a death yak

Illustrated notes

Levels and vault maps discovered:
D:1:      minmay_arrival_open_corners, layout_rooms, minmay_pentomino_t2
D:2:      wander_river, layout_basic, basic_altar, uniq_jessica,
          uniq_crazy_yiuf_cottage, uniq_sigmund
D:3:      layout_basic, led_xom_imps, dilly_ecumenical_altar_fadedgnrine,
          hangedman_abyss_or_decor_lesser_grid, uniq_natasha, uniq_terence
D:4:      layout_basic, marbit_many_paths
D:5:      layout_loops_ring, st_stairs_6
D:6:      layout_basic, lemuel_temple_firewalk_b, minmay_manual_mares,
          uniq_pikel, uniq_blork_the_orc
D:7:      layout_loops_ring, minmay_misc_feat_rugged
D:8:      layout_rooms, kennysheep_another_room
D:9:      layout_stronghold, dpeg_lair_monsters
Temple:   compressed_dpeg_circular_temple

Skill      XL: |  1  2  3  4  5  6  7  8  9 10 |
---------------+-------------------------------+-----
Axes           | 3 4 6 8 10 12 13 | 13.0
Fighting       | 5 6 |  6.8
Shields        | 4 6 |  6.1
Dodging        | 4 6 |  6.1
Invocations    | 1 |  1.1

Action                     |  1- 3 |  4- 6 |  7- 9 | 10-12 || total
---------------------------+-------+-------+-------+-------++-------
  Melee: War axe           |    45 |    35 |       |   140 ||   220
         Constrict         |    13 |    11 |    58 |    25 ||   107
         Tentacles         |     8 |     8 |    88 |    40 ||   144
         Hand axe          |       |    19 |   302 |     9 ||   330
         Punch             |       |       |     4 |     2 ||     6
  Throw: Dart              |       |       |     9 |    29 ||    38
         Throwing net      |       |       |       |     1 ||     1
 Invoke: Heroism           |       |       |       |     3 ||     3
  Evoke: Wand              |       |       |       |     1 ||     1
    Use: Potion            |       |     2 |     2 |     1 ||     5
         Scroll            |       |       |       |     8 ||     8
   Stab: Sleeping          |     5 |       |     9 |     2 ||    16
         Distracted        |       |     1 |       |     1 ||     2
         Held in net/web   |       |       |       |     2 ||     2
 Armour: Skin              |    12 |    48 |   127 |    62 ||   249
  Dodge: Dodged            |    29 |    23 |   116 |    80 ||   248
  Block: Buckler           |     2 |    13 |    55 |    26 ||    96

Table legend: (Time is in decaauts)
 A = Elapsed time spent in this place.
 B = Non-inter-level travel time spent in this place.
 C = Inter-level travel time spent in this place.
 D = Time resting spent in this place.
 E = Time spent auto-exploring this place.
 F = Levels seen in this place.
 G = Mean time per level.
                   A        B        C        D        E       F      G
               +--------+--------+--------+--------+--------+-----+--------+
         Total |  10046 |   9328 |    718 |   2969 |   4714 |  10 | 1004.6 |
       Dungeon |  10027 |   9318 |    709 |   2969 |   4714 |   9 | 1114.1 |
        Temple |     18 |      9 |      9 |      0 |      0 |   1 |   18.0 |
               +--------+--------+--------+--------+--------+-----+--------+

Top non-repeatable levels by time:
     D:7: 1883 daAuts
     D:6: 1379 daAuts
     D:5: 1319 daAuts
     D:8: 1136 daAuts
     D:2: 1111 daAuts
     D:4: 965 daAuts
     D:3: 922 daAuts
     D:1: 675 daAuts
     D:9: 634 daAuts
  Temple: 18 daAuts
